 Dungeon Crawl Stone Soup version 0.30.1-11-g7821555f0a (webtiles) character file.

Game seed: 11240283305202062210

60 Ekaitz the Gusty (level 4, -3/24 HPs)
             Began as a Tengu Air Elementalist on Dec 22, 2023.
             Slain by an orc priest
             ... wielding a +0 dagger
              (4 damage)
             ... on level 4 of the Dungeon.
             The game lasted 00:03:55 (1345 turns).

Ekaitz the Gusty (Tengu Air Elementalist)           Turns: 1345, Time: 00:03:56

Health: -3/24      AC:  2    Str:  8    XL:     4   Next: 6%
Magic:  0/8        EV: 12    Int: 16    God:
Gold:   38         SH:  0    Dex: 16    Spells: 1/7 levels left

rFire   . . .        d - +0 dagger
rCold   . . .        (no shield)
rNeg    . . .        a - +0 robe
rPois   .            (helmet restricted)
rElec   .            c - scarf {shadows}
rCorr   .            (no gloves)
SInv    .            (boots unavailable)
Will    .....        (no amulet)
Stlth   ++           (no ring)
HPRegen 0.24/turn    (no ring)
MPRegen 0.11/turn

%: no passive effects
@: no status effects
A: beak, talons 3
a: no special abilities


You were on level 4 of the Dungeon.
You visited 1 branch of the dungeon, and saw 3 of its levels.

You collected 119 gold pieces.
You spent 81 gold pieces at shops.

Inventory:

Hand Weapons
 d - a +0 dagger (weapon)
Missiles
 n - 5 poisoned darts
Armour
 a - a +0 robe (worn)
 c - a scarf of shadows (worn)
Scrolls
 e - a scroll of amnesia {unknown}
 g - 2 scrolls of fog {unknown}
 i - 2 scrolls of teleportation {unknown}
 k - 2 scrolls of identify {unknown}
 l - a scroll of torment {unknown}
 m - a scroll of enchant weapon {unknown}
Potions
 b - a potion of magic
 f - a potion of heal wounds {unknown}
 h - a potion of mutation {unknown}
 j - a potion of invisibility {unknown}
 o - a potion of haste {unknown}


   Skills:
 * Level 0.6 Fighting
 * Level 2.3 Dodging
 + Level 2.0 Stealth
 + Level 2.2 Spellcasting
 * Level 2.9 Conjurations
 * Level 5.2 Air Magic


You had one spell level left.
You knew the following spells:

 Your Spells              Type           Power      Damage    Failure   Level
a - Shock                 Conj/Air       56%        1d6       3%          1
b - Static Discharge      Conj/Air       28%        2-4/arc   6%          2
c - Swiftness             Air            18%        N/A       7%          3

Your spell library contained the following spells:

 Spells                   Type           Power      Damage    Failure   Level
 Airstrike                Air            9%         2d(2-18)  22%         4


Dungeon Overview and Level Annotations

Branches:
Dungeon (2/15)

Altars:

Shops:
D:1 *(


Innate Abilities, Weirdness & Mutations

You have a beak for a mouth.
You have claws for feet.


Message History

A jackal is nearby!
The zap hits the jackal.
The jackal is almost dead.
The jackal barks!
You hear a bark!
You hit the jackal but do no damage. Your kick misses the jackal.
The jackal is almost dead.
The jackal bites you.
You hit the jackal.
You kill the jackal!
The jackal closely misses you. The jackal misses you.
You hit the jackal. You claw the jackal.
You kill the jackal!
No target in view!
An orc priest is nearby!
The zap misses the orc priest.
The zap hits the orc priest.
The orc priest is lightly wounded.
You hit the orc priest but do no damage.
The orc priest is lightly wounded.
The orc priest hits you with a +0 dagger.
You hit the orc priest but do no damage.
The orc priest is lightly wounded.
The orc priest misses you.
You hit the orc priest but do no damage.
Your kick misses the orc priest. You peck the orc priest.
The orc priest is moderately wounded.
The orc priest mumbles some strange prayers to Beogh against you.
Beogh smites you!
Ouch! That really hurt!
* * * LOW HITPOINT WARNING * * *
You are too injured to fight recklessly!
You closely miss the orc priest. Your kick misses the orc priest.
The orc priest is moderately wounded.
The orc priest hits you with a +0 dagger.
* * * LOW HITPOINT WARNING * * *
Unknown command.
You hit the orc priest.
You peck the orc priest, but do no damage.
The orc priest is severely wounded.
The orc priest hits you with a +0 dagger.
You die...

#......# #[.....# .
#......# ..
#......# ...
...#####.######....
.............)))...
........#....##...h
.......o+....# oh
###....@######
#.....# #.....#
#.....# #.....#
#.....# #.....#


You could see an orc priest.

Vanquished Creatures
  An adder (D:2)
  2 dart slugs (D:1)
  2 orcs (D:4)
  3 ball pythons (D:1)
  2 endoplasms (D:1)
  A giant cockroach (D:1)
  6 goblins
  6 jackals
  2 quokkas (D:1)
  3 bats
  A frilled lizard (D:1)
  7 kobolds
  4 rats
40 creatures vanquished.

Notes
Turn   | Place    | Note
-------+----------+-------------------------------------------
     0 | D:1      | Ekaitz the Tengu Air Elementalist began the quest for the
                  | Orb.
     0 | D:1      | Reached XP level 1. HP: 10/10 MP: 4/4
   178 | D:1      | Reached XP level 2. HP: 15/15 MP: 3/6
   316 | D:1      | Found Wealirem's Assorted Antiques.
   323 | D:1      | Bought a scroll labelled ENIEKUMOUSM for 21 gold pieces
   323 | D:1      | Bought a fizzy cyan potion for 18 gold pieces
   405 | D:1      | Learned a level 2 spell: Static Discharge
   503 | D:1      | Bought a scroll labelled LOGEAP HOMEEMM for 21 gold pieces
   528 | D:1      | Found Wouph's Weapon Shop.
   591 | D:1      | Reached skill level 5 in Air Magic
   599 | D:1      | Reached XP level 3. HP: 4/20 MP: 1/7
   718 | D:1      | Bought a scroll labelled MOOXKA TUHAAL for 21 gold pieces
  1137 | D:2      | Learned a level 3 spell: Swiftness
  1272 | D:2      | You fall into a shaft and drop 2 floors!
  1329 | D:4      | Reached XP level 4. HP: 20/24 MP: 1/8
  1344 | D:4      | HP: 1/24 [orc priest/+0 dagger (2)]
  1345 | D:4      | Slain by an orc priest

Illustrated notes

Levels and vault maps discovered:
D:1:      scummos_arrival_gate, layout_rooms, serial_shops, shop, shop
D:2:      layout_basic, nicolae_ecumenical_oubliette, st_stairs_10,
          serial_bayou_pond_c, chequers_arboretum, minmay_snake_closets
D:4:      layout_gridville, marbit_many_paths

Skill      XL: |  1  2  3 |
---------------+----------+-----
Air Magic      | 5 |  5.2
Conjurations   | 2 |  2.9
Fighting       | |  0.6
Dodging        | |  2.3
Stealth        | |  2.0
Spellcasting   | |  2.2

Action                     |  1- 3 |  4- 6 || total
---------------------------+-------+-------++-------
  Melee: Dagger            |    33 |     8 ||    41
         Kick              |    12 |     1 ||    13
         Peck              |     5 |     2 ||     7
   Cast: Shock             |    65 |     2 ||    67
         Static Discharge  |     2 |       ||     2
   Stab: Sleeping          |     4 |       ||     4
 Armour: Robe              |    13 |       ||    13
  Dodge: Dodged            |    50 |     3 ||    53
